 Dungeon Crawl Stone Soup version 0.31-a0-986-g5e6e4ef867 (webtiles) character file.

Game seed: 12750500706984246879

2 wildpjah the Vexing (level 1, -3/10 HPs)
             Began as a Deep Elf Enchanter on Nov 18, 2023.
             Slain by a quokka (5 damage)
             ... on level 1 of the Dungeon.
             The game lasted 00:00:36 (72 turns).

wildpjah the Vexing (Deep Elf Enchanter)              Turns: 72, Time: 00:00:37

Health: -3/10      AC:  2    Str:  5    XL:     1   Next: 25%
Magic:  6/6        EV: 12    Int: 19    God:
Gold:   8          SH:  0    Dex: 15    Spells: 6/6 levels left

rFire   . . .        a - +1 dagger
rCold   . . .        (no shield)
rNeg    . . .        b - +0 robe
rPois   .            (no helmet)
rElec   .            (no cloak)
rCorr   .            (no gloves)
SInv    .            (no boots)
Will    .....        (no amulet)
Stlth   ++           (no ring)
HPRegen 0.21/turn    (no ring)
MPRegen 0.10/turn

%: no passive effects
@: no status effects
A: no striking features
a: no special abilities


You were on level 1 of the Dungeon.
You visited 1 branch of the dungeon, and saw 1 of its levels.

You collected 8 gold pieces.

Inventory:

Hand Weapons
 a - a +1 dagger (weapon)
Armour
 b - a +0 robe (worn)
Potions
 c - 2 potions of invisibility


   Skills:
 + Level 1.0 Short Blades
 + Level 2.5 Dodging
 + Level 3.7 Stealth
 + Level 3.0 Spellcasting
 + Level 4.0 Hexes


You had 6 spell levels left.
You didn't know any spells.
Your spell library contained the following spells:

 Spells                   Type           Power      Damage    Failure   Level
 Confusing Touch          Hex            18%        N/A       9%          3
 Tukima's Dance           Hex            18%        N/A       9%          3
 Ensorcelled Hibernation  Hex/Ice        20%        N/A       10%         2
 Dazzling Flash           Conj/Hex       20%        N/A       21%         3


Dungeon Overview and Level Annotations

Branches:
Dungeon (1/15)

Altars:


Message History

The rat is heavily wounded.
The rat bites you but does no damage.
You barely miss the rat.
The rat is heavily wounded.
The rat barely misses you.
You hit the rat.
You kill the rat!
No target in view!
A rat comes into view.
A rat is nearby!
You barely miss the rat. The rat bites you.
You hit the rat.
You kill the rat!
No target in view!
HP restored.
Found a whip.
No target in view!
You now have 8 gold pieces.
A frilled lizard and a kobold come into view.
The frilled lizard hisses angrily.
A hobgoblin comes into view.
No quiver actions available for cycling.
Use [Q] to select from all actions.
A quokka comes into view.
The quokka moves out of view.
You hit the frilled lizard.
The frilled lizard is heavily wounded.
The frilled lizard bites you.
You hit the frilled lizard.
You kill the frilled lizard!
You start resting.
A quokka is nearby!
The quokka barely misses you.
You completely miss the quokka. You closely miss the quokka.
The quokka bites you.
You hit the quokka but do no damage. The quokka barely misses you.
The quokka bites you.
* * * LOW HITPOINT WARNING * * *
You hit the quokka but do no damage. The quokka bites you.
Ouch! That really hurt!
You die...

#≈≈≈♣.>#
#####♣♣♣..###
#...'......<#
#.###♣♣♣..###
#.# #≈≈≈♣..#
# #.#
##≈≈~♣## #.
#.# #####
####.#####.#
.........@.#
.).#...†##r#
#.##.##†# #
#.##.# #.##.#
......
##.##..
#.##..
#.##...


You could see a quokka.

Vanquished Creatures
  A frilled lizard (D:1)
  2 rats (D:1)
3 creatures vanquished.

Notes
Turn   | Place    | Note
-------+----------+-------------------------------------------
     0 | D:1      | wildpjah the Deep Elf Enchanter began the quest for the
                  | Orb.
     0 | D:1      | Reached XP level 1. HP: 10/10 MP: 6/6
    72 | D:1      | Slain by a quokka

Illustrated notes

Levels and vault maps discovered:
D:1:      saegor_arrival_simple_d, layout_loops_ring

Action                     || total
---------------------------++-------
  Melee: Dagger            ||    13
 Armour: Robe              ||     7
  Dodge: Dodged            ||     4

Table legend: (Time is in decaauts)
 A = Elapsed time spent in this place.
 B = Non-inter-level travel time spent in this place.
 C = Inter-level travel time spent in this place.
 D = Time resting spent in this place.
 E = Time spent auto-exploring this place.
 F = Levels seen in this place.
 G = Mean time per level.
                   A        B        C        D        E       F      G
               +--------+--------+--------+--------+--------+-----+--------+
         Total |     72 |     72 |      0 |      4 |     38 |   1 |   72.0 |
       Dungeon |     72 |     72 |      0 |      4 |     38 |   1 |   72.0 |
               +--------+--------+--------+--------+--------+-----+--------+

Top non-repeatable levels by time:
     D:1: 72 daAuts
